 Dungeon Crawl Stone Soup version 0.27-a0-1099-g7f87ac42b0 (webtiles) character file.

Game seed: 12724121865952903981

16 Gaff the Magician (level 2, 21/21 HPs)
             Began as a Djinni Earth Elementalist on Apr 27, 2021.
             Was a Follower of Zin.
             Got out of the dungeon alive.
             The game lasted 00:02:19 (1157 turns).

Gaff the Magician (Djinni Earth Elementalist)       Turns: 1157, Time: 00:02:20

Health: 21/21      AC:  3    Str:  7    XL:     2   Next: 54%
Gold:   16         EV: 12    Int: 16    God:    Zin [*.....] SH:  0 Dex: 13

rFire    + + .     SeeInvis .   f - +0 dagger
rCold    . . .     Faith    .   (no shield)
rNeg     . . .     Spirit   .   c - +0 robe
rPois    ∞         Reflect  .   (no helmet)
rElec    .         Harm     .   h - +0 cloak
rCorr    .         Rampage  .   (no gloves)
Will     .....                  (boots unavailable)
Stlth    ++........             (no amulet)
HPRegen  0.07/turn              d - ring of protection from cold
MPRegen  0.00/turn              (no ring)

@: flying
A: fire resistance 2, cold vulnerability 1, float, innate caster, hp casting,
extra vitality 1
a: Renounce Religion, Recite, Donate Gold


You escaped.
You worshipped Zin.
Zin was aware of your devotion.
You visited 1 branch of the dungeon, and saw 1 of its levels.

You collected 17 gold pieces.
You donated 1 gold pieces to Zin.

Inventory:

Hand Weapons
 f - a +0 dagger (weapon)
Missiles
 b - 40 stones
Armour
 c - a +0 robe (worn)
 h - a +0 cloak (worn)
Jewellery
 d - a ring of protection from cold (left hand)
Scrolls
 e - a scroll of brand weapon {unknown}
 g - a scroll of immolation {unknown}
 i - a scroll of identify {unknown}
 j - a scroll of noise {unknown}
Potions
 a - 2 potions of mutation {unknown}


   Skills:
 + Level 0.2 Fighting
 - Level 2.3 Dodging
 - Level 1.7 Stealth
 * Level 3.1 Spellcasting


You couldn't memorise any spells.
You knew the following spells:

 Your Spells              Type           Power      Damage    Failure   Level
a - Sandblast             Erth           24%        2d8       4%          1
b - Passwall              Tmut/Erth      10%        N/A       8%          2
c - Stone Arrow           Conj/Erth      24%        3d8       16%         3
d - Petrify               Tmut/Erth      12%        N/A       45%         4
e - Lee's Rapid Deconstr  Erth           6%         3d7*      80%         5
Your spell library was empty.

Dungeon Overview and Level Annotations

Branches:
Dungeon (1/15)

Altars:
Zin


Innate Abilities, Weirdness & Mutations

You are immune to poison.
Your flesh is very heat resistant. (rF++)
You are vulnerable to cold. (rC-)
You float through the air rather than walking.
You learn spells naturally, not from books.
Your magical power is your life essence.
You have superior vitality. (+4 HP)


Message History

HP restored.
You reach down and open the door.
There is an open door here.
i - a scroll labelled GYP QIAPPEC
Found a hand axe.
j - a scroll labelled WATHRY HAUPN You reach down and open the door.
There is an open door here.
You reach down and open the door.
A goblin comes into view. It is wielding a +0 club.
The goblin shouts!
Found a faded altar of an unknown god.
Aiming: Sandblast (safe; 4% risk of failure)
Press: ? - help, Q - select action, (/) - cycle Shift-Dir - straight line, f - goblin
Aim: a goblin, wielding a +0 club and wearing a +0 ring mail (77% to hit)
The blast of sand hits the goblin but does no damage.
The goblin closely misses you.
Aiming: Sandblast (safe; 4% risk of failure)
Press: ? - help, Q - select action, (/) - cycle Shift-Dir - straight line, f/p - goblin
Aim: a goblin, wielding a +0 club and wearing a +0 ring mail (77% to hit)
The blast of sand hits the goblin.
You kill the goblin!
Unknown command.
There is a faded altar of an unknown god here.
You cannot tell which god this altar belongs to.
Convert to them anyway?
Zin accepts your prayer! Zin welcomes you!
You can now donate money to Zin.
You can now recite Zin's Axioms of Law.
You pay a tithe of 1 gold.
Zin ignores your late donation.
You now have 16 gold pieces.
Things that are here:
a +0 club; a +0 ring mail; a goblin corpse
There is an open door here.
A jackal comes into view.
There is an open door here.
A jackal is nearby!
There is a staircase leading out of the dungeon here.
Are you sure you want to leave the Dungeon?
This will make you lose the game!
You have escaped!

..P..........................####
.#.#.....#######'#####.........
...#.....# ##PP#.#PP##..........
#####....###PPP#.#≈≈P##..........
.........##P...#.#≈≈≈P##.........
.####....#PP...#.#≈≈≈≈P#...
######...#P.P..#.#≈≈≈≈P#
###......#######.#######
#........'......@......'
.........#######.#######
...###...#P≈≈≈≈#.#...PP# .###
#####P≈≈≈≈#.#..PPP# ##
##P≈≈≈#.#...P# # ##P≈≈#.#..P##
##PP#.#PP## ####'####
...............


There were no monsters in sight!

Vanquished Creatures
  An endoplasm (D:1)
  2 giant cockroaches (D:1)
  2 goblins (D:1)
  A hobgoblin (D:1)
  A jackal (D:1)
  A kobold (D:1)
  A quokka (D:1)
  2 ball pythons (D:1)
  A bat (D:1)
  A rat (D:1)
13 creatures vanquished.

Vanquished Creatures (others)
  2 fungi (D:1)
  6 plants (D:1)
8 creatures vanquished.

Grand Total: 21 creatures vanquished

Notes
Turn   | Place    | Note
-------+----------+-------------------------------------------
     0 | D:1      | Gaff the Djinni Earth Elementalist began the quest for the
                  | Orb.
     0 | D:1      | Reached XP level 1. HP: 15/15 MP: 0/0
   179 | D:1      | Reached skill level 3 in Spellcasting
   320 | D:1      | Reached XP level 2. HP: 11/21 MP: 0/0
   658 | D:1      | HP: 1/21 [kobold/+0 whip (3)]
  1071 | D:1      | Found a faded altar of an unknown god.
  1076 | D:1      | Became a worshipper of Zin the Law-Giver
  1076 | D:1      | Reached * piety under Zin
  1157 | D:$      | Got out of the dungeon alive.

Illustrated notes

Levels and vault maps discovered:
D:1:      psy_arrival_terrarium, layout_basic, serial_curves, eino_curves_02,
          eino_curves_03, shapermc_ecumenical_altar_mp_urbaneastern

Skill      XL: |  1 |
---------------+----+-----
Spellcasting   | 3 |  3.1
Fighting       | |  0.2
Dodging        | |  2.3
Stealth        | |  1.7

Action                   || total
-------------------------++-------
Melee: Dagger            ||    27
       Unarmed           ||     2
 Cast: Sandblast         ||    15
Armor: Robe              ||    12
Dodge: Dodged            ||    29

Table legend: (Time is in decaauts)
 A = Elapsed time spent in this place.
 B = Non-inter-level travel time spent in this place.
 C = Inter-level travel time spent in this place.
 D = Time resting spent in this place.
 E = Time spent auto-exploring this place.
 F = Levels seen in this place.
 G = Mean time per level.
                   A        B        C        D        E       F      G
               +--------+--------+--------+--------+--------+-----+--------+
         Total |   1156 |   1145 |     11 |    553 |    359 |   1 | 1156.0 |
       Dungeon |   1156 |   1145 |     11 |    553 |    359 |   1 | 1156.0 |
               +--------+--------+--------+--------+--------+-----+--------+

Top non-repeatable levels by time:
     D:1: 1156 daAuts
